 Dungeon Crawl Stone Soup version 0.30-b1-2-g02819fbbbe (webtiles) character file.

Game seed: 8351400373391538086

67111 LLlMATKO the Tortoise (level 14, -5/133 HPs)
             Began as a Minotaur Berserker on Aug 25, 2023.
             Was a High Priest of Trog.
             Blown up by an orb spider (glowing shapeshifter) (23 damage)
             ... with a wavering orb of destruction
             ... on level 13 of the Dungeon.
             The game lasted 00:27:01 (20760 turns).

LLlMATKO the Tortoise (Minotaur Berserker)         Turns: 20760, Time: 00:27:01

Health: -5/133     AC: 21    Str: 28    XL:     14   Next: 81%
Magic:  13/13      EV: 13    Int:  4    God:    Trog [*****.]
Gold:   1335       SH: 12    Dex:  9    Spells: 13/13 levels left

rFire   + + .        t - +1 war axe (flame)
rCold   . . .        w - +0 buckler
rNeg    . . .        M - +2 chain mail {rF+}
rPois   .            (helmet restricted)
rElec   .            C - +0 cloak {rCorr}
rCorr   +            i - +0 pair of gloves
SInv    .            y - +0 pair of boots
Will    +....        X - amulet of reflection Stlth
                     B - ring of protection from cold
HPRegen 0.42/turn    K - ring of fire
MPRegen 0.13/turn

%: reflection
@: on berserk cooldown, slowed, studying Armour, very slow
A: horns 2, retaliatory headbutt
a: Renounce Religion, Berserk, Trog's Hand, Brothers in Arms


You were on level 13 of the Dungeon.
You worshipped Trog.
Trog was extremely pleased with you.
You visited 2 branches of the dungeon, and saw 18 of its levels.
You also visited: Sewer and Volcano.

You collected 1335 gold pieces.

Inventory:

Hand Weapons
 t - a +1 war axe of flaming (weapon)
 H - a +2 hand crossbow of flaming
 J - a +2 spear of venom
Missiles
 m - 46 poisoned darts (quivered)
 n - 2 atropa-tipped darts
 R - a throwing net
Armour
 i - a +0 pair of gloves (worn)
 w - a +0 buckler (worn)
 y - a +0 pair of boots (worn)
 C - a +0 cloak of preservation (worn)
 M - a +2 chain mail of fire resistance (worn)
Jewellery
 a - an amulet of regeneration
 c - a ring of ice
 e - a ring of poison resistance
 B - a ring of protection from cold (left hand)
 K - a ring of fire (right hand)
 X - an amulet of reflection (around neck)
Wands
 h - a wand of polymorph (19)
 l - a wand of charming (5)
 F - a wand of flame (53)
 L - a wand of roots (6)
 S - a wand of mindburst (10)
 T - a wand of acid (7)
Scrolls
 b - 12 scrolls of teleportation
 f - 13 scrolls of identify
 o - 2 scrolls of fear
 x - a scroll of magic mapping
 P - a scroll of enchant weapon
 W - a scroll of fog
Potions
 d - 6 potions of heal wounds
 j - 10 potions of haste
 k - 3 potions of invisibility
 s - 5 potions of curing
 u - 7 potions of flight
 Q - a potion of cancellation


   Skills:
 + Level 14.8 Fighting
 + Level 14.8 Axes
 + Level 16.3 Armour
 + Level 13.4 Dodging
 + Level 13.6 Shields


You had 13 spell levels left.
You didn't know any spells.
Your spell library was empty.

Dungeon Overview and Level Annotations

Branches:
Dungeon (13/15)            Temple (0/1) D:6            Lair (5/5) D:11
 Shoals (0/4) Lair:2       Spider (0/4) Lair:2        Slime (0/5) Lair:5
    Orc (0/2) D:11          Sewer (visited)         Volcano (visited)
 Vaults: D:13-14

Altars:
Nemelex Xobeh
Trog
Xom
The Shining One

Shops:
D:3 [

Annotations:
Lair:1 2 transporters, Idihargh's ghost, journeyman OpCj
Lair:5 1 runed translucent door


Innate Abilities, Weirdness & Mutations

You have a pair of horns on your head.
You reflexively headbutt those who attack you in melee.


Message History

Unknown command.
You hit the slime creature. You burn the slime creature.
The slime creature is heavily wounded.
You slash the slime creature! You burn the slime creature.
You barely miss the slime creature.
Unknown command.
You slash the slime creature! You burn the slime creature.
The slime creature is heavily wounded.
You barely miss the slime creature. You slice the slime creature!!
You burn the slime creature! You block the slime creature's attack.
The slime creature hits you!
* * * LOW HITPOINT WARNING * * *
The slime creature barely misses you.
You slice the slime creature!! You burn the slime creature.
The slime creature is severely wounded.
You slice the slime creature!! You burn the slime creature.
You feel the power of Trog in you as your rage grows.
You kill the slime creature!
Trog accepts your kill.
You slash the slime creature! You burn the slime creature.
You slice the slime creature!! You burn the slime creature.
You kill the slime creature!
Trog accepts your kill.
You slash the slime creature! You burn the slime creature.
You kill the slime creature!
Trog accepts your kill.
Unknown command.
You feel a strong urge to attack something.
You are no longer berserk.
You are exhausted.
You feel yourself slow down.
The orb spider weaves a glowing orb of energy.
An orb of destruction comes into view.
You see here a shapeshifter corpse.
Throw: 46 darts (poison)
Press: ? - help, Q - select action, (/) - cycle Shift-Dir - straight line, f - orb spider
Aim: an orb spider shaped shifter (heavily wounded, 63% to hit)
Okay, then.
The wavering orb of destruction hits you!!
You die...

....#####.. #......##...
.......#.# #......#....
#$#.#... #......#....
......# #......#}...
#.#..#####......##... .
#.)..........#..###..
...#.#).##.####.#..#.÷..
.........†...............
........@○..####....#....
##../....s..######.......
#...........#............
#...........# #####......
..............#####....>.
#.................##)#...
#....###....#####......#(
#.(..####..# ###..#.#...
. ....# ##..###........##


You could see an orb spider shaped shifter.

Vanquished Creatures
  Jorgrun (D:13)
  The ghost of Farlane the Severer, a journeyman HOMo of Beogh (Lair:4)
  Azrael (D:13)
  The ghost of Xanom the Arsonist, a journeyman DgFE (Lair:5)
  3 dire elephants (Lair:5)
  3 hydras
  A catoblepas (D:13)
  2 boulder beetles
  2 centaur warriors (D:13)
  9 two-headed ogres
  A hell knight (Volcano)
  A skyshark (Lair:3)
  Amaemon (Lair:3)
  A salamander mystic (Volcano)
  Lodul (D:13)
  A spectral anaconda (Lair:5)
  A spectral hydra (Lair:4)
  Pikel (D:8)
  An obsidian statue (Lair:5)
  A lindwurm (Lair:4)
  A deep elf pyromancer (D:12)
  3 necromancers (Lair:5)
  3 salamanders (Volcano)
  3 cyclopes
  An ugly thing (D:13)
  13 elephants
  A manticore (D:13)
  A merfolk siren (Lair:2)
  2 black mambas
  2 torpor snails
  2 dire elephant skeletons (Lair:5)
  A gargoyle (D:11)
  9 cane toads
  A kobold demonologist (D:11)
  8 komodo dragons
  8 trolls
  4 polar bears
  4 merfolk
  2 tarantellas (shapeshifter) (D:13)
  A hornet (D:9)
  4 dream sheep (Lair:5)
  A spectral elephant (Lair:5)
  A blink frog (shapeshifter) (D:13)
  15 slime creatures
  12 blink frogs
  The ghost of NimIero the Gusty, an amateur TeAE (D:3)
  2 wyverns
  A vampire (D:12)
  27 yaks
  4 basilisks
  2 wraiths (D:13)
  2 fire elementals (D:13)
  Eustachio (D:6)
  10 fire bats (Volcano)
  A hog (shapeshifter) (D:13)
  2 steam dragons
  Grum (D:9)
  A death yak simulacrum (Lair:5)
  2 vampire mosquitoes (D:11)
  3 spectral cane toads
  Duvessa (D:4)
  2 hell hounds (D:13)
  An acid dragon (D:8)
  10 water moccasins
  A hydra simulacrum (Lair:4)
  3 black bears
  5 orc warriors
  2 ice beasts
  2 sky beasts
  8 ogres
  15 wolves
  An elephant skeleton (Lair:5)
  5 centaurs
  A lemure (D:8)
  3 phantoms (D:4)
  5 kobold brigands
  10 bullfrogs
  Blork the orc (D:6)
  A gnoll sergeant (D:10)
  9 scorpions
  9 wights
  Dowan (D:4)
  An elephant simulacrum (Lair:5)
  4 electric eels
  7 howler monkeys
  6 lava snakes (Volcano)
  2 quasits (D:7)
  A bullfrog zombie (D:3)
  8 hounds
  A centaur skeleton (D:3)
  4 orc priests
  Crazy Yiuf (D:6)
  2 gnoll boudas (D:9)
  3 jellies
  2 bullfrog skeletons
  4 iguanas
  3 sleepcaps
  6 orc wizards
  A scorpion zombie (D:4)
  A sickly merfolk siren (Sewer)
  A malarious merfolk avatar (Sewer)
  14 gnolls
  A howler monkey skeleton (D:3)
  A river rat (Sewer)
  13 adders
  5 shadow imps
  7 white imps
  4 ufetubi
  An adder zombie (D:4)
  6 worms
  27 orcs
  10 endoplasms
  6 giant cockroaches
  10 goblins
  8 hobgoblins
  11 quokkas
  8 ball pythons
  6 bats
  8 frilled lizards
  13 kobolds
  26 rats
536 creatures vanquished.

Vanquished Creatures (collateral kills)
  The ghost of diceflayer the Warrior, a journeyman DsHu of Okawaru (D:10)
  The ghost of enotiy the Cleaver, a journeyman GrFi (D:10)
  A dancing weapon (Lair:5)
  An orange demon (Lair:3)
  3 basilisks (Lair:3)
  A death yak simulacrum (Lair:4)
  An iguana (Lair:3)
9 creatures vanquished.

Vanquished Creatures (others)
  5 demonic plants (D:7)
  12 fungi
  19 plants
  26 withered plants
62 creatures vanquished.

Grand Total: 607 creatures vanquished

Notes
Turn   | Place    | Note
-------+----------+-------------------------------------------
     0 | D:1      | LLlMATKO the Minotaur Berserker began the quest for the
                  | Orb.
     0 | D:1      | Reached XP level 1. HP: 19/19 MP: 0/0
   361 | D:1      | Reached XP level 2. HP: 27/27 MP: 1/1
  1107 | D:2      | Reached skill level 3 in Armour
  1178 | D:2      | Reached XP level 3. HP: 32/33 MP: 2/2
  1466 | D:2      | Reached ** piety under Trog
  1703 | D:2      | Found a faded altar of an unknown god.
  1792 | D:3      | Reached XP level 4. HP: 13/41 MP: 3/3
  2349 | D:3      | Reached XP level 5. HP: 47/47 MP: 4/4
  2403 | D:3      | Found Rusar's Antique Armour Shoppe.
  2436 | D:3      | Found a transporter.
  2439 | D:3      | Noticed NimIero's ghost (amateur TeAE)
  2440 | D:3      | Found a transporter.
  2697 | D:4      | Reached skill level 4 in Armour
  2724 | D:4      | Noticed a black bear
  2730 | D:4      | Killed a black bear
  2731 | D:4      | Reached skill level 5 in Fighting
  2731 | D:4      | Reached skill level 5 in Axes
  2731 | D:4      | Reached XP level 6. HP: 56/56 MP: 5/5
  2826 | D:4      | Reached *** piety under Trog
  2960 | D:4      | Reached skill level 5 in Armour
  2964 | D:4      | Reached XP level 7. HP: 60/62 MP: 6/6
  3383 | D:4      | Found a glowing drain.
  3397 | Sewer    | Entered a sewer
  3612 | Sewer    | Reached **** piety under Trog
  3881 | D:4      | Reached skill level 5 in Dodging
  3887 | D:4      | Reached skill level 1 in Shields
  4021 | D:4      | Noticed Duvessa
  4021 | D:4      | Noticed Dowan
  4030 | D:4      | Killed Dowan
  4034 | D:4      | Killed Duvessa
  4357 | D:5      | Entered Level 5 of the Dungeon
  4405 | D:5      | Reached XP level 8. HP: 61/71 MP: 7/7
  4408 | D:5      | Reached skill level 6 in Armour
  5393 | D:6      | Found a runed translucent door.
  5394 | D:6      | Noticed Crazy Yiuf
  5429 | D:6      | Killed Crazy Yiuf
  5474 | D:6      | Noticed Blork the orc
  5483 | D:6      | Killed Blork the orc
  5484 | D:6      | Reached skill level 7 in Armour
  5656 | D:6      | Reached XP level 9. HP: 60/79 MP: 8/8
  6180 | D:6      | Noticed Eustachio
  6197 | D:6      | Killed Eustachio
  6475 | D:6      | Found a staircase to the Ecumenical Temple.
  6537 | D:7      | Reached skill level 5 in Shields
  6865 | D:7      | Found a glowing golden altar of the Shining One.
  6931 | D:7      | Reached skill level 8 in Armour
  6937 | D:7      | Reached ***** piety under Trog
  7552 | D:8      | Noticed Pikel
  7567 | D:8      | Killed Pikel
  7652 | D:8      | Reached XP level 10. HP: 87/90 MP: 9/9
  7867 | D:8      | You fall into a shaft and drop 1 floor!
  7931 | D:8      | Noticed a two-headed ogre
  7940 | D:8      | Killed a two-headed ogre
  8698 | D:9      | Noticed Grum
  8703 | D:9      | Reached skill level 9 in Armour
  8715 | D:9      | Killed Grum
  9182 | D:9      | Received a gift from Trog
  9608 | D:10     | Entered Level 10 of the Dungeon
  9885 | D:10     | Found a runed translucent gate.
  9885 | D:10     | Found a runed translucent gate.
  9886 | D:10     | Found a runed translucent gate.
  9894 | D:10     | Noticed diceflayer's ghost (journeyman DsHu)
  9894 | D:10     | Noticed enotiy's ghost (journeyman GrFi)
  9902 | D:10     | Noticed a two-headed ogre
  9914 | D:10     | Killed a two-headed ogre
  9915 | D:10     | Reached skill level 10 in Fighting
  9915 | D:10     | Reached skill level 10 in Axes
  9971 | D:10     | Found a sparkling altar of Nemelex Xobeh.
 10075 | D:10     | Reached XP level 11. HP: 99/99 MP: 10/10
 10124 | D:10     | Killed enotiy's ghost
 10129 | D:10     | Killed diceflayer's ghost
 10130 | D:10     | Reached skill level 10 in Armour
 10270 | D:11     | Noticed a two-headed ogre
 10286 | D:11     | Killed a two-headed ogre
 10331 | D:11     | Noticed a two-headed ogre
 10346 | D:11     | Killed a two-headed ogre
 10498 | D:11     | Found a staircase to the Lair.
 10512 | D:11     | Noticed a two-headed ogre
 10691 | D:11     | Noticed a soul eater
 10692 | D:11     | Noticed a soul eater
 11074 | D:11     | Found a staircase to the Orcish Mines.
 11088 | D:11     | Killed a two-headed ogre
 11089 | D:11     | Reached skill level 11 in Armour
 11089 | D:11     | Reached skill level 10 in Dodging
 11456 | D:12     | Noticed a boulder beetle
 11491 | D:12     | Killed a boulder beetle
 11559 | D:12     | Noticed a two-headed ogre
 11568 | D:12     | Killed a two-headed ogre
 11569 | D:12     | Reached XP level 12. HP: 110/110 MP: 11/11
 11788 | D:12     | Noticed a two-headed ogre
 11799 | D:12     | Killed a two-headed ogre
 12214 | D:12     | Noticed a two-headed ogre
 12223 | D:12     | Killed a two-headed ogre
 12224 | D:12     | Reached skill level 10 in Shields
 12338 | D:13     | Noticed a two-headed ogre
 12350 | D:13     | Killed a two-headed ogre
 12406 | D:13     | Noticed Lodul
 12411 | D:13     | Noticed a catoblepas
 12415 | D:13     | Noticed a centaur warrior
 12476 | Lair:1   | Entered Level 1 of the Lair of Beasts
 12567 | Lair:1   | Noticed a boulder beetle
 12587 | Lair:1   | Killed a boulder beetle
 13267 | Lair:1   | Found a transporter.
 13282 | Lair:1   | Found a bloodstained altar of Trog.
 13282 | Lair:1   | Noticed Idihargh's ghost (journeyman OpCj)
 13286 | Lair:1   | Found a transporter.
 13393 | Lair:1   | Reached skill level 12 in Armour
 13934 | D:3      | Killed NimIero's ghost
 14252 | Lair:2   | Found a staircase to the Shoals.
 14467 | Lair:2   | Found a hole to the Spider Nest.
 14502 | Lair:2   | Reached XP level 13. HP: 119/119 MP: 12/12
 15427 | Lair:3   | Identified a scroll of acquirement
 15427 | Lair:3   | Acquired a manual of Armour
 15517 | Lair:3   | Noticed Amaemon
 15526 | Lair:3   | Killed Amaemon
 15612 | Lair:3   | Found a dark tunnel.
 15618 | Volcano  | Entered a volcano
 15684 | Volcano  | Reached skill level 13 in Armour
 15991 | Volcano  | Found a bloodstained altar of Trog.
 16925 | Lair:4   | Reached skill level 14 in Armour
 17461 | Lair:4   | Found a runed translucent gate.
 17461 | Lair:4   | Found a runed translucent gate.
 17462 | Lair:4   | Found a runed translucent gate.
 17466 | Lair:4   | Noticed Farlane's ghost (journeyman HOMo)
 18097 | Lair:4   | Killed Farlane's ghost
 18101 | Lair:4   | Identified the staff of cold "Upoan" {rElec rC+}
 18173 | Lair:5   | Entered Level 5 of the Lair of Beasts
 18189 | Lair:5   | Reached XP level 14. HP: 99/130 MP: 13/13
 18379 | Lair:5   | Found a runed translucent door.
 18381 | Lair:5   | Found a shimmering altar of Xom.
 18381 | Lair:5   | Noticed Xanom's ghost (journeyman DgFE)
 18381 | Lair:5   | Identified the +12 broad axe of the Lesser Evil {chaos,
                  | Drain rElec rN+}
 18807 | Lair:5   | Reached skill level 15 in Armour
 18809 | Lair:5   | Received a gift from Trog
 19142 | Lair:5   | Found a runed translucent door.
 19143 | Lair:5   | Found a staircase to the Slime Pits.
 19143 | Lair:5   | Noticed an acid blob
 19693 | Lair:5   | Killed Xanom's ghost
 20267 | D:13     | Killed Lodul
 20597 | D:13     | Noticed Azrael
 20609 | D:13     | Reached skill level 16 in Armour
 20615 | D:13     | Killed Azrael
 20735 | D:13     | Noticed Jorgrun
 20751 | D:13     | Killed Jorgrun
 20760 | D:13     | Blown up by an orb spider (glowing shapeshifter)

Illustrated notes

Levels and vault maps discovered:
D:1:      roderic_octagonal_star, layout_basic, serial_bayou_lagoon_b
D:2:      layout_loops_corners, shapermc_ecumenical_altar_hornbeckon
D:3:      layout_basic, gammafunk_ghost_mausoleum, serial_glass,
          glass_columns_c, glass_columns_c, serial_shops, shop
D:4:      dreamdust_elfheim, layout_cave_pods, cheibrodos_sewer_entry_bend,
          serial_undead, serial_undead_f, serial_undead_c, serial_undead_f,
          serial_undead_a, minmay_goblin_outpost
D:5:      layout_rooms, minmay_crystal_water, chequers_serial_rivers_micro_b,
          skrybe_limestone_x, st_stairs_11, kennysheep_opposing_triangles
D:6:      layout_basic, minmay_temple_entry_proselytizer,
          uniq_crazy_yiuf_cottage, uniq_eustachio, uniq_blork_the_orc
D:7:      layout_cave_pools, amcnicky_altar_gilded, serial_demonic,
          serial_demonic_g, serial_demonic_d, serial_demonic_b,
          serial_demonic_b, serial_demonic_f, serial_demonic_a,
          serial_demonic_f, serial_demonic_d, serial_demonic_b, serial_demonic_b
D:8:      layout_basic, uniq_pikel
D:9:      layout_stronghold, hangedman_fish_farm, uniq_grum
D:10:     layout_rooms, mainiacjoe_overflow_six_doors_small,
          gammafunk_ghost_cemetery, solitary_fountain
D:11:     layout_roguey, erik_lair_island, david_orc_2, serial_rivers,
          chequers_serial_rivers_large_a, chequers_serial_rivers_small_b,
          chequers_serial_rivers_large_b, chequers_serial_rivers_small_3,
          chequers_serial_rivers_micro_e
D:12:     layout_roguey
D:13:     layout_rooms, david_vaults_2, uniq_lodul, uniq_azrael, uniq_rupert,
          uniq_jorgrun
Lair:1:   layout_cave_pods, gammafunk_ghost_wrathful_warriors
Lair:2:   layout_cave_pods, elwin_shoals_entry_stream,
          nicolae_spider_entry_non_spiders, grunt_megastairs_5,
          infiniplex_staircase_pool
Lair:3:   beast_lair_carwin_large_2, layout_long_grid,
          nicolae_volcano_entry_s_turn, uniq_amaemon
Lair:4:   layout_cave_pods, gammafunk_ghost_necromancy
Lair:5:   due_jungle_book, layout_cave_shapes, slime_entry_2, ebering_ghost_xom

Skill      XL: |  1  2  3  4  5  6  7  8  9 10 11 12 13 14 |
---------------+-------------------------------------------+-----
Fighting       | 4 5 6 7 8 10 11 12 13 14 | 14.8
Axes           | 4 5 6 7 8 10 11 12 13 14 | 14.8
Armour         | 3 4 5 7 8 9 11 12 14 16 | 16.3
Dodging        | 3 4 5 6 7 8 10 11 12 13 | 13.4
Shields        | 1 4 6 7 9 11 12 13 | 13.6

Action                     |  1- 3 |  4- 6 |  7- 9 | 10-12 | 13-15 || total
---------------------------+-------+-------+-------+-------+-------++-------
  Melee: Hand axe          |   108 |    37 |       |   663 |    73 ||   881
         Headbutt          |    19 |    18 |    50 |   158 |   162 ||   407
         Punch             |     1 |     1 |       |       |       ||     2
         War axe           |       |    46 |   346 |    30 |   522 ||   944
  Throw: Dart              |       |     4 |       |     3 |     5 ||    12
 Invoke: Berserk           |     1 |     1 |     5 |    18 |    16 ||    41
         Brothers in Arms  |       |       |       |     3 |     3 ||     6
         Trog's Hand       |       |       |       |     3 |     2 ||     5
    Use: Scroll            |       |     5 |       |       |    26 ||    31
   Stab: Distracted        |       |       |       |       |     2 ||     2
         Petrified         |       |       |       |       |     2 ||     2
         Petrifying        |       |       |       |       |     1 ||     1
 Armour: Animal skin       |     2 |       |       |       |       ||     2
         Scale mail        |    48 |    63 |   123 |       |       ||   234
         Chain mail        |       |       |    12 |   338 |   343 ||   693
  Dodge: Dodged            |    50 |    59 |   218 |   355 |   253 ||   935
  Block: Buckler           |       |       |    55 |   178 |   193 ||   426
         Reflection        |       |       |       |       |     3 ||     3
